 Dungeon Crawl Stone Soup version 0.30-a0-760-g5a9884bb7c (webtiles) character file.

Game seed: 2483886968608064632

4464 jlumianski the Trooper (level 10, -2/80 HPs)
             Began as a Demonspawn Fighter on Feb 11, 2023.
             Killed from afar by an electric eel (5 damage)
             ... with a bolt of electricity
             ... on level 7 of the Dungeon.
             The game lasted 00:40:47 (7289 turns).

jlumianski the Trooper (Demonspawn Fighter)         Turns: 7289, Time: 00:40:48

Health: -2/80      AC: 19    Str: 21    XL:     10   Next: 15%
Magic:  10/10      EV:  1    Int: 13    God:
Gold:   447        SH: 18    Dex: 13    Spells: 9/9 levels left

rFire   + + .      SeeInvis +    g - +6 hand axe of Loahusey {vamp, rPois Will- rCorr SInv}
rCold   + . .      Faith    .    H - +0 tower shield {rC+ rF+}
rNeg    . . .      Spirit   .    E - +0 crystal plate armour
rPois   +          Reflect  .    f - +0 helmet
rElec   .          Harm     .    (no cloak)
rCorr   +          Rampage  .    (no gloves)
Will    .....                    (no boots) Stlth
                                 (no amulet)
HPRegen 0.33/turn                s - ring of protection from fire
MPRegen 0.12/turn                (no ring)

@: no status effects
A: hooves 1, powered by death 1, big brain 2, condensation shield
a: no special abilities


You were on level 7 of the Dungeon.
You visited 1 branch of the dungeon, and saw 8 of its levels.
You also visited: Bailey.

You collected 447 gold pieces.

Inventory:

Hand Weapons
 a - a +1 war axe of flaming
 g - the +6 hand axe of Loahusey (weapon) {vamp, rPois Will- rCorr SInv}
   (You found it on level 5 of the Dungeon)

   rPois:     It protects you from poison.
   SInv:      It lets you see invisible.
   rCorr:     It protects you from acid and corrosion.
   Will:      It decreases your willpower.
 v - a +1 war axe of venom
Missiles
 j - 80 stones
 n - 3 datura-tipped darts
 G - 2 poisoned darts
Armour
 b - a +0 scale mail
 c - a +1 buckler
 f - a +0 helmet (worn)
 y - a +0 chain mail
 z - the +1 scale mail of the Kettle-Drum {Int+4 Dex+4}
   (You took it off a goblin on level 4 of the Dungeon)

   Int:       It affects your intelligence (+4).
   Dex:       It affects your dexterity (+4).
 E - a +0 crystal plate armour (worn)
 H - a +0 tower shield of resistance (worn)
Jewellery
 p - an amulet of faith
 s - a ring of protection from fire (left hand)
 C - a ring of wizardry
Wands
 h - a wand of mindburst (9)
 o - a wand of digging (4)
 x - a wand of flame (10) (quivered)
 B - a wand of charming (7)
Scrolls
 e - 3 scrolls of noise
 k - 3 scrolls of blinking
 l - a scroll of poison
 q - a scroll of teleportation
 t - 3 scrolls of vulnerability
 D - a scroll of brand weapon
Potions
 d - 2 potions of might
 i - a potion of degeneration
 m - a potion of flight
 r - 2 potions of invisibility {unknown}
 u - a potion of resistance
 w - 3 potions of lignification
 A - 4 potions of curing
 F - a potion of mutation {unknown}


   Skills:
 * Level 7.8 Fighting
 + Level 7.6 Axes
 + Level 6.6 Armour
 + Level 3.7 Dodging
 + Level 6.4 Shields
 + Level 0.3 Evocations


You had 9 spell levels left.
You didn't know any spells.
Your spell library contained the following spells:

 Spells                   Type           Power      Damage    Failure   Level
 Foxfire                  Conj/Fire      0%         2x1d4     100%        1
 Shock                    Conj/Air       0%         1d3       100%        1
 Blink                    Tloc           0%         N/A       100%        2
 Static Discharge         Conj/Air       0%         2-2/arc   100%        2
 Sublimation of Blood     Necr           0%         N/A       100%        2
 Kindle Blastsparks       Fire/Tloc/Air  0%         2d10      100%        3
 Summon Guardian Golem    Hex/Summ       0%         N/A       100%        3
 Swiftness                Air            0%         N/A       100%        3
 Airstrike                Air            0%         2d(0-16)  100%        4
 Manifold Assault         Tloc           0%         N/A       100%        4
 Petrify                  Tmut/Erth      0%         N/A       100%        4
 Fireball                 Conj/Fire      0%         3d3       100%        5
 Irradiate                Conj/Tmut      0%         3d11      100%        5
 Starburst                Conj/Fire      0%         6d3       100%        6
 Orb of Destruction       Conj           0%         9d5       100%        7
 Spellforged Servitor     Conj/Summ      0%         N/A       100%        7
 Storm Form               Tmut/Air       0%         N/A       100%        7
 Maxwell's Capacitive Co  Air            0%         ∞         100%        8


Dungeon Overview and Level Annotations

Branches:
Dungeon (8/15)             Bailey (visited)
 Temple: D:4-7         Lair: D:8-11

Altars:
Dithmenos

Annotations:
D:2 1 runed translucent door, Crazy Yiuf


Innate Abilities, Weirdness & Mutations

You have large cloven feet.
You regenerate a little health from kills.
You have an extremely huge brain. (Int +4)
A meltable shield of frost defends you. (SH +4)


Message History

You hit the centaur.
You feel better.
The centaur is severely wounded.
You block the centaur's attack. x2
You slash the centaur!
You kill the centaur!
The electric eel shoots out a bolt of lightning at you!
The bolt of electricity hits you!
The electric eel shoots out a bolt of lightning at you!
The bolt of electricity hits you. x2
You closely miss the electric eel. Your kick misses the electric eel.
The electric eel shoots out a bolt of lightning at you!
The bolt of electricity hits you. x2
You hit the electric eel.
You feel better.
The electric eel is lightly wounded.
You closely miss the electric eel.
You kick the electric eel, but do no damage.
The electric eel is lightly wounded.
The electric eel shoots out a bolt of lightning at you!
The bolt of electricity hits you but does no damage.
The bolt of electricity hits you.
The electric eel shoots out a bolt of lightning at you!
The bolt of electricity hits you! x2
* * * LOW HITPOINT WARNING * * *
You hit the electric eel.
You feel better.
Your kick misses the electric eel.
The electric eel is moderately wounded.
You barely miss the electric eel. Your kick misses the electric eel.
The electric eel is moderately wounded.
The electric eel shoots out a bolt of lightning at you!
The bolt of electricity hits you!
* * * LOW HITPOINT WARNING * * *
The bolt of electricity hits you!
* * * LOW HITPOINT WARNING * * *
Okay, then.
Blink to where?
Press: ? - help, Dir - move target A necrophage comes into view.
As you read the scroll of blinking, it crumbles to dust.
The electric eel shoots out a bolt of lightning at you!
The bolt of electricity hits you.
You die...

.≈≈≈≈≈≈≈.......≈.. #.......
.......≈S≈≈≈≈≈≈...n...
........
###......§............
...#.##. ......###............
# #. ##...)............# ##
... ###..##..........#..# ...
#.................#
#..##..............
####......#@.......
#..###...#........
####.>..............
##..#................#
##.#..........##...##.#
#..##..............#..##
##..#....##.........#..##...##
##...##.##.................. .
######..............##.......


You could see a necrophage and an electric eel.

Vanquished Creatures
  Pikel (D:6)
  An orc knight (Bailey)
  2 hornets
  Sigmund (D:4)
  A wyvern (D:8)
  A water moccasin (D:5)
  An ice beast (D:5)
  6 orc warriors (Bailey)
  2 sky beasts
  2 black bears
  An ogre (D:5)
  3 centaurs
  2 lemures (D:6)
  A kobold brigand (D:8)
  A bullfrog (D:6)
  3 necrophages
  4 scorpions
  6 wights
  A howler monkey (D:4)
  5 hounds
  An orc priest (D:5)
  An iguana (D:4)
  4 gnolls
  10 adders
  2 white imps
  An ufetubus (D:2)
  3 worms
  4 dart slugs
  36 orcs
  10 ball pythons
  A bat (D:2)
  10 endoplasms
  2 giant cockroaches
  15 goblins
  12 hobgoblins
  14 jackals
  12 kobolds
  7 quokkas
  3 frilled lizards
  10 rats
203 creatures vanquished.

Notes
Turn   | Place    | Note
-------+----------+-------------------------------------------
     0 | D:1      | jlumianski the Demonspawn Fighter began the quest for the
                  | Orb.
     0 | D:1      | Reached XP level 1. HP: 18/18 MP: 1/1
   144 | D:1      | Gained mutation: You have an unusually large brain. (Int
                  | +2) [demonic ancestry]
   144 | D:1      | Reached XP level 2. HP: 24/24 MP: 2/2
   145 | D:1      | Noticed a shining eye
   150 | D:1      | Found a faded altar of an unknown god.
   152 | D:1      | Noticed a golden eye
   153 | D:1      | Noticed a shining eye
   153 | D:1      | Noticed a shining eye
   302 | D:1      | Gained mutation: A meltable shield of frost defends you.
                  | (SH +4) [demonic ancestry]
   302 | D:1      | Reached XP level 3. HP: 21/29 MP: 3/3
   927 | D:2      | Reached XP level 4. HP: 22/36 MP: 4/4
  1137 | D:3      | Identified the +0 robe of Anarchy {Regen+}
  1334 | D:2      | Found a runed translucent door.
  1335 | D:2      | Noticed Crazy Yiuf
  1889 | D:4      | Reached XP level 5. HP: 38/42 MP: 5/5
  1910 | D:3      | Identified the +2 leather armour of Ylics {Harm rN+ rCorr
                  | Slay-6}
  2064 | D:3      | Got the Verses on Lofty Lava
  2351 | D:4      | Reached skill level 1 in Dodging
  2351 | D:4      | Reached XP level 6. HP: 42/49 MP: 6/6
  2510 | D:4      | Identified the +1 scale mail of the Kettle-Drum {Int+4
                  | Dex+4}
  2624 | D:5      | Entered Level 5 of the Dungeon
  2751 | D:4      | Noticed Sigmund
  2793 | D:4      | Killed Sigmund
  2794 | D:4      | Gained mutation: You have an extremely huge brain. (Int +4)
                  | [demonic ancestry]
  2794 | D:4      | Reached XP level 7. HP: 50/55 MP: 7/7
  3047 | D:4      | Reached skill level 5 in Fighting
  3712 | D:5      | Identified the +6 hand axe of Loahusey {vamp, rPois Will-
                  | rCorr SInv}
  4129 | D:5      | Reached skill level 5 in Axes
  4202 | D:5      | Reached XP level 8. HP: 63/63 MP: 8/8
  4729 | D:6      | Reached skill level 5 in Armour
  4824 | D:6      | Noticed Pikel
  4834 | D:6      | Killed Pikel
  4835 | D:6      | Reached skill level 5 in Shields
  4922 | D:6      | Found a shadowy altar of Dithmenos.
  5155 | D:6      | Gained mutation: You have large cloven feet. [demonic
                  | ancestry]
  5155 | D:6      | Reached XP level 9. HP: 62/71 MP: 9/9
  5642 | D:7      | Paralysed by a hornet for 2 turns
  6217 | D:8      | Found a flagged portal.
  6253 | Bailey   | Entered a bailey
  6731 | Bailey   | Noticed an orc knight
  7046 | Bailey   | Killed an orc knight
  7047 | Bailey   | Gained mutation: You regenerate a little health from kills.
                  | [demonic ancestry]
  7047 | Bailey   | Reached XP level 10. HP: 49/80 MP: 10/10
  7288 | D:7      | HP: 3/80 [electric eel/bolt of electricity (11)]
  7289 | D:7      | Killed from afar by an electric eel

Illustrated notes

Levels and vault maps discovered:
D:1:      ncdulo_wetmaze, layout_rooms, hellmonk_ecumenical_altar_watching_god,
          hangedman_decor_push, minmay_misc_feat_tower, minivault_19,
          solitary_fountain
D:2:      layout_basic, grunt_ministairs_1, uniq_crazy_yiuf_cottage
D:3:      layout_basic, minmay_crystal_room, dk_noncrumbling_3, minivault_27
D:4:      minmay_diamond_boxcup, layout_loops_cross, uniq_sigmund
D:5:      layout_loops_corners
D:6:      layout_basic, mainiacjoe_overflow_six_doors_small,
          nicolae_fountain_basement, uniq_pikel
D:7:      layout_cave_pools, mainiacjoe_overflow_catwalk_spiral,
          nicolae_overflow_squiral, temple_hall
D:8:      layout_loops_ring, enter_bailey_3, uniq_maurice

Skill      XL: |  1  2  3  4  5  6  7  8  9 |
---------------+----------------------------+-----
Armour         | 3 4 5 6 |  6.6
Axes           | 2 3 4 5 6 7 |  7.6
Shields        | 3 4 5 6 |  6.4
Fighting       | 4 5 6 7 |  7.8
Dodging        | 1 2 3 |  3.7
Evocations     | |  0.3

Action                     |  1- 3 |  4- 6 |  7- 9 | 10-12 || total
---------------------------+-------+-------+-------+-------++-------
  Melee: War axe           |   117 |   207 |    78 |       ||   402
         Hand axe          |       |       |   321 |    19 ||   340
         Kick              |       |       |    64 |     3 ||    67
  Evoke: Wand              |       |     4 |     3 |       ||     7
    Use: Potion            |       |     3 |     2 |       ||     5
         Scroll            |       |       |    15 |     1 ||    16
 Armour: Scale mail        |    43 |    53 |    75 |       ||   171
         Chain mail        |       |    30 |    41 |       ||    71
         Crystal plate arm |       |       |     5 |    15 ||    20
  Dodge: Dodged            |    42 |    86 |   138 |       ||   266
  Block: Buckler           |    42 |   112 |   236 |       ||   390
         Tower shield      |       |       |    24 |    18 ||    42

Table legend: (Time is in decaauts)
 A = Elapsed time spent in this place.
 B = Non-inter-level travel time spent in this place.
 C = Inter-level travel time spent in this place.
 D = Time resting spent in this place.
 E = Time spent auto-exploring this place.
 F = Levels seen in this place.
 G = Mean time per level.
                   A        B        C        D        E       F      G
               +--------+--------+--------+--------+--------+-----+--------+
         Total |   7517 |   7324 |    193 |    456 |   3915 |   9 |  835.2 |
       Dungeon |   6567 |   6374 |    193 |    175 |   3792 |   8 |  820.9 |
        Bailey |    950 |    950 |      0 |    281 |    123 |   1 |  950.0 |
               +--------+--------+--------+--------+--------+-----+--------+

Top non-repeatable levels by time:
     D:5: 1237 daAuts
     D:4: 1221 daAuts
     D:6: 1029 daAuts
  Bailey: 950 daAuts
     D:2: 911 daAuts
     D:3: 700 daAuts
     D:1: 674 daAuts
     D:8: 639 daAuts
     D:7: 154 daAuts
